 Dungeon Crawl Stone Soup version 0.30-a0-1075-gcd70e7a56d (webtiles) character file.

Game seed: 11249141236583842816

1637 jimonade the Chiller (level 8, -3/74 HPs)
             Began as an Ogre Ice Elementalist on Apr 14, 2023.
             Was an Initiate of Cheibriados.
             Slain by Maggie
             ... wielding a +0 scimitar of flaming
              (4 damage)
             ... on level 6 of the Dungeon on Apr 15, 2023.
             The game lasted 00:26:23 (8121 turns).

jimonade the Chiller (Ogre Ice Elementalist)        Turns: 8121, Time: 00:26:24

Health: -3/74      AC:  3    Str: 16    XL:     8   Next: 98%
Magic:  0/18       EV: 11    Int: 17    God:    Cheibriados [......]
Gold:   351        SH:  0    Dex: 16    Spells: 13/20 levels left

rFire   . . .      SeeInvis .    b - +1 dagger (venom)
rCold   . . .      Faith    .    (no shield)
rNeg    . . .      Spirit   +    F - +0 animal skin
rPois   .          Reflect  .    (helmet restricted)
rElec   .          Rampage  .    (no cloak)
rCorr   .                        (gloves unavailable)
Will    .....                    (boots unavailable)
Stlth   ++                       E - amulet of guardian spirit
HPRegen 0.32/turn                L - +6 ring of dexterity
MPRegen 0.16/turn                (no ring)

@: freezing walls, very slow
A: large, unfitting armour, tough skin 1
a: Renounce Religion


You were on level 6 of the Dungeon.
You worshipped Cheibriados.
Cheibriados was noncommittal.
You visited 2 branches of the dungeon, and saw 7 of its levels.

You collected 351 gold pieces.

Inventory:

Hand Weapons
 a - a +0 flail
 b - a +1 dagger of venom (weapon)
 n - a +0 long sword of draining
 p - a +2 hand axe of flaming
 r - a +0 glaive
 A - a +0 trident
 B - a +2 dagger of venom
 C - a +0 rapier
 I - a +0 heavy giant spiked club
 J - a +0 spear
 O - a +0 whip of freezing
Missiles
 f - 54 stones
Armour
 c - a +0 robe
 F - a +0 animal skin (worn)
Jewellery
 E - an amulet of guardian spirit (around neck)
 L - a +6 ring of dexterity (left hand)
Wands
 s - a wand of roots (7)
 D - a wand of digging (3)
Scrolls
 d - 4 scrolls of teleportation
 g - 2 scrolls of noise {unknown}
 h - a scroll of vulnerability {unknown}
 i - 2 scrolls of amnesia {unknown}
 j - 2 scrolls of fear {unknown}
 m - a scroll of magic mapping
 v - a scroll of summoning
 x - a scroll of poison
 y - a scroll of silence
 z - 4 scrolls of immolation {unknown}
 K - a scroll of blinking {unknown}
 N - a scroll of fog {unknown}
Potions
 e - a potion of brilliance {unknown}
 k - a potion of curing {unknown}
 l - 2 potions of magic
 o - a potion of lignification {unknown}
 q - a potion of haste {unknown}
 t - a potion of cancellation {unknown}
 u - a potion of flight {unknown}
 w - a potion of might {unknown}
 G - 3 potions of degeneration {unknown}
 H - a potion of attraction {unknown}


   Skills:
 + Level 2.6 Fighting
 + Level 2.4 Short Blades
 - Level 1.8(1.9) Axes
 + Level 0.4(1.1) Maces & Flails
 + Level 3.5 Dodging
 - Level 1.4 Stealth
 + Level 6.9 Spellcasting
 + Level 6.9 Ice Magic
 * Level 3.0 Earth Magic


You had 13 spell levels left.
You knew the following spells:

 Your Spells              Type           Power      Damage    Failure   Level
a - Freeze                Ice            100%       1d10      1%          1
b - Ozocubu's Armour      Ice            29%        N/A       1%          3
c - Frozen Ramparts       Ice            58%        1d9       1%          3

Your spell library contained the following spells:

 Spells                   Type           Power      Damage    Failure   Level
 Sandblast                Erth           32%        2d9       3%          1
 Passwall                 Tmut/Erth      9%         N/A       10%         2
 Stone Arrow              Conj/Erth      22%        3d8       19%         3
 Summon Ice Beast         Ice/Summ       17%        N/A       28%         4


Dungeon Overview and Level Annotations

Branches:
Dungeon (6/15)             Temple (1/1) D:5

Altars:
Ashenzari
Cheibriados
Dithmenos
Fedhas
Gozag
Kikubaaqudgha
Makhleb
Qazlal
Sif Muna
Trog
Wu Jian
Xom
Yredelemnul

Annotations:
D:3 2 transporters
D:4 exclusion: downstairs
D:6 Maggie


Innate Abilities, Weirdness & Mutations

You are too large for most types of armour.
You have tough skin. (AC +1)


Message History

You hit something but do no damage.
The frozen ramparts melt away.
Something hits you! Something burns you. The heat melts your icy armour.
Casting: Frozen Ramparts (safe; 1% risk of failure)
Confirm with . or Enter, or press ? or * to list all spells.
You can't see any susceptible monsters within range! (Use Z to cast anyway.) Unknown command.
Unknown command.
Unknown command.
Casting: Frozen Ramparts (safe; 1% risk of failure)
Confirm with . or Enter, or press ? or * to list all spells.
You can't see any susceptible monsters within range! (Use Z to cast anyway.) Unknown command.
Unknown command.
Casting: Frozen Ramparts (safe; 1% risk of failure)
Confirm with . or Enter, or press ? or * to list all spells.
Casting: Frozen Ramparts (safe; 1% risk of failure)
Press: ? - help, Dir - look around, f - activate The walls around you are covered in ice.
The wall freezes something.
Something hits you. Something burns you. The heat melts your icy armour.
You barely miss something.
The wall freezes something but does no damage.
Something hits you!
* * * LOW HITPOINT WARNING * * *
Something burns you.
* * * LOW HITPOINT WARNING * * *
The heat melts your icy armour.
You hit something but do no damage.
The wall freezes something.
Something hits you.
* * * LOW HITPOINT WARNING * * *
Your icy armour melts away.
Something burns you.
* * * LOW HITPOINT WARNING * * *
You miss something.
The wall freezes something but does no damage.
Something hits you!
* * * LOW HITPOINT WARNING * * *
Something burns you.
You die...

...... ##[.> ...... ..##....
#{..... ........ ....... ........
....... ........ ##.....#
###....# ##############..# ###..#
###...........#{### ##...
................@## #....
#................[.# #..##
...................... #..#
#......................#### #..##
#..........................##...#
#................<...### #..##...
#.................<....####.###..
.....................#.........#.
.....................#.........#.


There were no monsters in sight!

Vanquished Creatures
  2 ogres (D:5)
  A centaur (D:5)
  A phantom (D:4)
  3 scorpions
  4 necrophages (D:5)
  2 water moccasin zombies
  A howler monkey (D:5)
  A hound (D:6)
  2 orc priests
  A gnoll bouda (D:4)
  A jelly (D:6)
  3 iguanas
  Jessica (D:3)
  A sleepcap (D:5)
  Ijyb (D:3)
  Terence (D:3)
  2 orc wizards
  Natasha (thrice) (D:2)
  A killer bee zombie (D:5)
  Robin (D:3)
  6 adders
  10 gnolls
  2 white imps
  An adder zombie (D:3)
  A worm (D:5)
  A dart slug (D:5)
  24 orcs
  3 ball pythons
  10 endoplasms
  2 giant cockroaches
  6 goblins
  9 hobgoblins
  3 quokkas
  A ball python zombie (D:3)
  4 bats
  3 frilled lizards
  A giant cockroach zombie (D:3)
  7 kobolds
  8 rats
135 creatures vanquished.

Vanquished Creatures (others)
  A bush (D:5)
  26 plants
27 creatures vanquished.

Grand Total: 162 creatures vanquished

Notes
Turn   | Place    | Note
-------+----------+-------------------------------------------
     0 | D:1      | jimonade the Ogre Ice Elementalist began the quest for the
                  | Orb.
     0 | D:1      | Reached XP level 1. HP: 16/16 MP: 3/3
   265 | D:1      | Reached XP level 2. HP: 24/24 MP: 2/5
  1122 | D:2      | Noticed Natasha
  1129 | D:2      | Killed Natasha
  1130 | D:2      | Reached XP level 3. HP: 16/31 MP: 1/7
  1161 | D:1      | Learned a level 3 spell: Ozocubu's Armour
  1165 | D:1      | Learned a level 3 spell: Frozen Ramparts
  1450 | D:2      | Reached XP level 4. HP: 39/39 MP: 0/8
  1622 | D:2      | Noticed Natasha
  1633 | D:2      | Killed Natasha
  1848 | D:2      | Found a shadowy altar of Dithmenos.
  1990 | D:2      | Noticed Natasha
  2018 | D:2      | Killed Natasha
  2295 | D:2      | Reached XP level 5. HP: 45/45 MP: 6/10
  2458 | D:3      | Found a transporter.
  2479 | D:3      | Found a transporter.
  2719 | D:3      | Reached skill level 5 in Ice Magic
  2800 | D:3      | Found a basalt altar of Yredelemnul.
  2883 | D:3      | Noticed Terence
  2907 | D:3      | Killed Terence
  3090 | D:3      | Found a faded altar of an unknown god.
  3097 | D:3      | Reached XP level 6. HP: 48/54 MP: 5/12
  3220 | D:3      | Noticed Jessica
  3234 | D:3      | Killed Jessica
  3508 | D:3      | Noticed Ijyb
  3510 | D:3      | Noticed Robin
  3519 | D:3      | Killed Ijyb
  3520 | D:3      | Killed Robin
  3807 | D:3      | Reached skill level 1 in Fighting
  4337 | D:4      | Found a bloodstained altar of Trog.
  4391 | D:4      | Reached skill level 1 in Short Blades
  4566 | D:4      | Found a stormy altar of Qazlal.
  4738 | D:4      | Reached skill level 1 in Axes
  4738 | D:4      | Reached XP level 7. HP: 41/62 MP: 8/14
  5110 | D:5      | Entered Level 5 of the Dungeon
  5197 | D:4      | Reached skill level 5 in Spellcasting
  5666 | D:4      | Reached skill level 1 in Earth Magic
  6249 | D:5      | Reached XP level 8. HP: 56/72 MP: 8/16
  6930 | D:5      | Found a staircase to the Ecumenical Temple.
  6936 | Temple   | Entered the Ecumenical Temple
  6977 | Temple   | Became a worshipper of Cheibriados the Contemplative
  7148 | D:5      | Found a blossoming altar of Fedhas.
  8105 | D:6      | Noticed Maggie
  8121 | D:6      | HP: 1/74 [something (9)]
  8121 | D:6      | Slain by Maggie

Illustrated notes

Levels and vault maps discovered:
D:1:      roderic_crossed_star, layout_loops_cross
D:2:      wad_lake_hut, layout_loops_corners, basic_altar, uniq_natasha
D:3:      layout_loops_ring, nicolae_yredelemnul_corpse_copse,
          hellmonk_ecumenical_altar_pennies_from_heaven,
          gammafunk_ghost_abyssal_escape, st_stairs_5, nicolae_goblin_pals,
          uniq_jessica, uniq_ijyb, uniq_terence
D:4:      layout_gridville, overflow_temple_1_default,
          nicolae_qazlal_scattered_showers
D:5:      layout_loops_ring, fedhas_altar_decomposition,
          minmay_temple_entry_enclosed_plants, grunt_ministairs_13,
          feat_on_display
D:6:      layout_layer_cave, due_unseen_surprise, uniq_maggie
Temple:   compressed_dpeg_triangle_lava_temple

Skill      XL: |  1  2  3  4  5  6  7  8 |
---------------+-------------------------+-----
Ice Magic      | 4 5 6 |  6.9
Spellcasting   | 3 4 5 6 |  6.9
Dodging        | 2 3 |  3.5
Fighting       | 1 2 |  2.6
Short Blades   | 1 2 |  2.4
Axes           | 1 |  1.8
Earth Magic    | 1 3 |  3.0
Maces & Flails | |  0.4
Stealth        | |  1.4

Action                     |  1- 3 |  4- 6 |  7- 9 || total
---------------------------+-------+-------+-------++-------
  Melee: Whip              |    10 |    11 |       ||    21
         Dagger            |       |    97 |   120 ||   217
         Hand axe          |       |    40 |    53 ||    93
         Long sword        |       |     2 |       ||     2
         Punch             |       |     2 |     2 ||     4
         Flail             |       |       |    17 ||    17
         Giant spiked club |       |       |     1 ||     1
   Cast: Freeze            |    40 |     6 |       ||    46
         Ozocubu's Armour  |     2 |    27 |    30 ||    59
         Frozen Ramparts   |       |    23 |    21 ||    44
  Evoke: Wand              |       |       |     1 ||     1
    Use: Scroll            |       |       |     9 ||     9
   Stab: Sleeping          |       |     2 |     1 ||     3
 Armour: Robe              |    15 |    38 |       ||    53
         Animal skin       |       |    10 |    70 ||    80
  Dodge: Dodged            |    17 |    69 |   108 ||   194

Table legend: (Time is in decaauts)
 A = Elapsed time spent in this place.
 B = Non-inter-level travel time spent in this place.
 C = Inter-level travel time spent in this place.
 D = Time resting spent in this place.
 E = Time spent auto-exploring this place.
 F = Levels seen in this place.
 G = Mean time per level.
                   A        B        C        D        E       F      G
               +--------+--------+--------+--------+--------+-----+--------+
         Total |   8378 |   8075 |    303 |   1052 |   4698 |   7 | 1196.9 |
       Dungeon |   8317 |   8033 |    284 |   1052 |   4670 |   6 | 1386.2 |
        Temple |     61 |     43 |     18 |      0 |     28 |   1 |   61.0 |
               +--------+--------+--------+--------+--------+-----+--------+

Top non-repeatable levels by time:
     D:4: 1988 daAuts
     D:3: 1592 daAuts
     D:5: 1426 daAuts
     D:2: 1370 daAuts
     D:1: 1015 daAuts
     D:6: 924 daAuts
  Temple: 61 daAuts
